 Dungeon Crawl Stone Soup version 0.31-a0-1570-g93c622d222 (webtiles) character file.

Game seed: 12144364408129153526

1771 voltaire321 the Charlatan (level 8, -1/61 HPs)
             Began as a Demonspawn Artificer on Jan 4, 2024.
             Was a Follower of Wu Jian.
             Slain by an orc warrior
             ... wielding a +0 mace of distortion
              (15 damage)
             ... on level 5 of the Dungeon.
             The game lasted 00:16:40 (4245 turns).

voltaire321 the Charlatan (Demonspawn Artificer)    Turns: 4245, Time: 00:16:40

Health: -1/61      AC: 11    Str: 14    XL:     8   Next: 80%
Magic:  12/12      EV: 18    Int: 13    God:    Wu Jian [*.....]
Gold:   258        SH:  0    Dex: 13    Spells: 10/13 levels left

rFire   . . .        y - +6 scythe (protect)
rCold   + . .        (shield currently unavailable)
rNeg    . . .        z - +2 robe {rC+}
rPois   .            (helmet restricted)
rElec   .            (no cloak)
rCorr   .            r - +2 pair of gloves
SInv    .            (no boots)
Will    .....        h - amulet of the acrobat
Stlth   ++           n - +4 ring of protection
HPRegen 0.30/turn    j - +5 ring of evasion
MPRegen 0.26/turn

%: acrobat
@: no status effects
A: horns 2, magic regeneration
a: Renounce Religion


You were on level 5 of the Dungeon.
You worshipped Wu Jian.
Wu Jian was aware of your devotion.
You visited 2 branches of the dungeon, and saw 7 of its levels.

You collected 323 gold pieces.
You spent 65 gold pieces at shops.

Inventory:

Hand Weapons
 w - a +0 rapier
 y - a +6 scythe of protection (weapon)
Armour
 r - a +2 pair of gloves (worn)
 z - a +2 robe of cold resistance (worn)
Jewellery
 a - a ring of poison resistance
 h - an amulet of the acrobat (around neck)
 j - a +5 ring of evasion (right hand)
 n - a +4 ring of protection (left hand)
 p - a ring of see invisible
 B - an amulet of magic regeneration
Wands
 c - a wand of flame (19) (quivered)
 d - a wand of charming (14)
 e - a wand of iceblast (8)
Scrolls
 f - a scroll of noise {unknown}
 g - a scroll of brand weapon {unknown}
 k - 3 scrolls of enchant armour {unknown}
 l - 6 scrolls of identify
 m - 3 scrolls of acquirement {unknown}
 q - a scroll of vulnerability {unknown}
 s - a scroll of poison {unknown}
 t - a scroll of immolation {unknown}
 D - a scroll of enchant weapon {unknown}
Potions
 b - a potion of berserk rage {unknown}
 i - a potion of brilliance {unknown}
 o - a potion of heal wounds
 u - a potion of might {unknown}
 v - a potion of magic
 x - 2 potions of enlightenment {unknown}
 A - a potion of attraction {unknown}
 C - a potion of resistance {unknown}
 E - a potion of ambrosia {unknown}


   Skills:
 + Level 4.6 Fighting
 + Level 4.5 Armour
 + Level 4.1 Dodging
 - Level 0.8 Stealth
 + Level 3.2 Spellcasting
 + Level 3.6 Summonings
 + Level 3.2 Ice Magic
 + Level 5.3 Evocations


You had 10 spell levels left.
You knew the following spells:

 Your Spells              Type           Power      Damage    Failure   Level
a - Summon Ice Beast      Ice/Summ       10%        N/A       17%         3

Your spell library contained the following spells:

 Spells                   Type           Power      Damage    Failure   Level
 Hailstorm                Conj/Ice       6%         3d5       34%         3
 Sculpt Simulacrum        Ice/Alch       3%         N/A       100%        6


Dungeon Overview and Level Annotations

Branches:
Dungeon (6/15)             Temple (1/1) D:4

Altars:
Dithmenos
Fedhas
Gozag
Hepliaklqana
Kikubaaqudgha
Makhleb
Nemelex Xobeh
Okawaru
Qazlal
Ru
Trog
Uskayaw
Wu Jian
Xom
Yredelemnul

Shops:
D:2 (   D:3 !

Annotations:
D:4 3 runed translucent doors, Azoth's ghost, amateur DrGl


Innate Abilities, Weirdness & Mutations

You have a pair of horns on your head.
You regenerate magic rapidly.


Message History

Space warps horribly around you.
* * * LOW HITPOINT WARNING * * *
The phantom barely misses you.
Okay, then.
Aiming: Charm
Press: ? - help, Shift-Dir - straight line, f - orc warrior
Aim: an orc warrior, wielding a +0 mace of distortion and wearing a +0 chain mail (chance to affect: 62%)
Okay, then.
Aiming: Charm
Press: ? - help, Shift-Dir - straight line, f - orc warrior
Aim: an orc warrior, wielding a +0 mace of distortion and wearing a +0 chain mail (chance to affect: 62%)
The orc warrior is charmed.
The hound misses you. The hound barely misses you.
The phantom hits you but does no damage.
You barely miss the phantom.
The phantom is almost destroyed.
The hound bites you but does no damage.
Your orc warrior hits the phantom with a +0 mace of distortion!
The phantom is destroyed!
The Council accepts your kill. The hound misses you.
You closely miss the hound. You headbutt the hound!
You kill the hound!
The Council accepts your kill.
There is a stone staircase leading up here.
You climb upwards.
There is a stone staircase leading down here.
You start resting.
The orc warrior is no longer charmed.
The orc warrior completely misses you.
You barely miss the orc warrior.
The orc warrior hits you with a +0 mace of distortion!
* * * LOW HITPOINT WARNING * * *
You blink.
The orc warrior attacks as it pursues you!
The orc warrior completely misses you.
You closely miss the orc warrior.
You headbutt the orc warrior, but do no damage.
The orc warrior hits you with a +0 mace of distortion.
* * * LOW HITPOINT WARNING * * *
Space warps horribly around you!
You die...

#..# #...# ##..# ##...
### ##...## ##.. #.###
###.....### ##..
##..###.........###...
###.....####.........
##..### ##........
#o## ###...... ##@#
##...##. ##..#
##...#### ##..>##
###....# # ##.....##
##......#
##.###...###.......#
#.## ##.......###..#
### ##....### #..#
#...## #..# #..## #..#


You could see an orc warrior.

Vanquished Creatures
  Pikel (D:5)
  Prince Ribbit (D:6)
  Sigmund (D:3)
  An ogre (D:5)
  Blork the orc (D:5)
  3 scorpions
  A bullfrog (D:4)
  A bombardier beetle (D:5)
  An orc priest (D:4)
  3 hounds
  3 iguanas
  2 orc wizards (D:4)
  10 adders
  2 white imps (D:5)
  2 ribbon worms
  2 dart slugs
  18 orcs
  12 ball pythons
  7 bats
  6 endoplasms
  9 giant cockroaches
  2 goblins
  8 hobgoblins
  3 jackals (D:1)
  2 quokkas
  2 frilled lizards
  6 kobolds
  5 rats
115 creatures vanquished.

Vanquished Creatures (collateral kills)
  A phantom (D:6)
1 creature vanquished.

Vanquished Creatures (others)
  A quokka (D:4)
1 creature vanquished.

Grand Total: 117 creatures vanquished

Notes
Turn   | Place    | Note
-------+----------+-------------------------------------------
     0 | D:1      | voltaire321 the Demonspawn Artificer began the quest for
                  | the Orb.
     0 | D:1      | Reached XP level 1. HP: 15/15 MP: 1/1
    50 | D:1      | Reached skill level 1 in Dodging
   223 | D:1      | Gained mutation: You have a pair of small horns on your
                  | head. [demonic ancestry]
   223 | D:1      | Reached XP level 2. HP: 21/21 MP: 2/2
   872 | D:2      | Reached XP level 3. HP: 7/27 MP: 3/3
   878 | D:2      | HP: 1/27 [poisoned by an adder]
  1165 | D:2      | You fall into a shaft and drop 1 floor!
  1175 | D:3      | Gained mutation: You have a pair of horns on your head.
                  | [demonic ancestry]
  1175 | D:3      | Reached XP level 4. HP: 33/33 MP: 4/4
  1204 | D:3      | Found Uwkal's Distillery.
  1246 | D:3      | Bought a potion of heal wounds for 65 gold pieces
  1282 | D:3      | Noticed Sigmund
  1540 | D:2      | Found a faded altar of an unknown god.
  1603 | D:2      | Found Hopnil's Weapon Emporium.
  1862 | D:3      | Learned a level 3 spell: Summon Ice Beast
  2095 | D:3      | Killed Sigmund
  2096 | D:3      | Reached skill level 1 in Spellcasting
  2096 | D:3      | Reached skill level 1 in Summonings
  2096 | D:3      | Reached skill level 1 in Ice Magic
  2096 | D:3      | Reached skill level 4 in Evocations
  2096 | D:3      | Reached XP level 5. HP: 38/40 MP: 4/6
  2096 | D:3      | Reached XP level 6. HP: 44/46 MP: 4/7
  2254 | D:4      | Found a staircase to the Ecumenical Temple.
  2268 | Temple   | Entered the Ecumenical Temple
  2277 | Temple   | Became a worshipper of the Wu Jian Council
  2409 | D:4      | Found a runed translucent gate.
  2410 | D:4      | Found a runed translucent gate.
  2414 | D:4      | Found a runed translucent gate.
  2418 | D:4      | Found a hazy altar of Hepliaklqana.
  2418 | D:4      | Found a burning altar of Makhleb.
  2429 | D:4      | Noticed Azoth's ghost (amateur DrGl)
  2609 | D:4      | Found a shadowy altar of Dithmenos.
  2779 | D:4      | Reached XP level 7. HP: 52/52 MP: 9/9
  2899 | D:5      | Entered Level 5 of the Dungeon
  2942 | D:5      | Noticed Blork the orc
  2951 | D:5      | Killed Blork the orc
  2985 | D:5      | Noticed Pikel
  3007 | D:5      | Killed Pikel
  3008 | D:5      | Gained mutation: You regenerate magic rapidly. [demonic
                  | ancestry]
  3008 | D:5      | Reached XP level 8. HP: 10/60 MP: 9/11
  3514 | D:5      | Reached * piety under Wu Jian
  3515 | D:5      | Reached skill level 5 in Evocations
  4174 | D:6      | Noticed Prince Ribbit
  4191 | D:6      | Killed Prince Ribbit
  4245 | D:5      | Slain by an orc warrior

Illustrated notes

Levels and vault maps discovered:
D:1:      lemuel_arrival_cross, layout_basic, skrybe_limestone_x
D:2:      layout_basic, serial_shops, shop, ebering_ecumenical_altar_petrified,
          minmay_pentomino_x4
D:3:      layout_loops_ring, serial_shops, nicolae_shop_industrial_runoff,
          chequers_mini_garden, grunt_ministairs_15, kennysheep_big_empty_room,
          uniq_sigmund
D:4:      layout_basic, mainiacjoe_overflow_boulevard,
          gammafunk_temple_overflow_statue, elyvilon_altar_4,
          minmay_temple_entry_slanted, gammafunk_ghost_split,
          serial_corexii_hall, chequers_hall_statues_corner_a,
          chequers_hall_statues_wall_a, corexii_hall_statues_l,
          chequers_hall_statues_corner_a
D:5:      layout_layer_cave, uniq_blork_the_orc, uniq_pikel
D:6:      minmay_chambers_of_sixes, layout_cave_pools, uniq_prince_ribbit1
Temple:   nicolae_temple_ecumenical_triangle

Skill      XL: |  1  2  3  4  5  6  7  8 |
---------------+-------------------------+-----
Dodging        | 1 2 3 4 |  4.1
Armour         | 2 3 4 |  4.5
Fighting       | 2 3 4 |  4.6
Spellcasting   | 1 2 3 |  3.2
Summonings     | 1 2 3 |  3.6
Ice Magic      | 1 2 3 |  3.2
Evocations     | 4 5 |  5.3
Stealth        | |  0.8

Action                     |  1- 3 |  4- 6 |  7- 9 || total
---------------------------+-------+-------+-------++-------
  Melee: Halberd           |       |    44 |    93 ||   137
         Headbutt          |       |     5 |    21 ||    26
   Fire: Sling             |   125 |   131 |       ||   256
Ability: Lunge             |       |     5 |     4 ||     9
         Whirlwind         |       |       |     2 ||     2
  Evoke: Wand              |     2 |     5 |     2 ||     9
    Use: Potion            |     1 |       |       ||     1
         Scroll            |       |       |     1 ||     1
   Stab: Sleeping          |       |     2 |     1 ||     3
 Armour: Leather armour    |    39 |    36 |       ||    75
         Robe              |       |    29 |    85 ||   114
  Dodge: Dodged            |    73 |   201 |   178 ||   452

Table legend: (Time is in decaauts)
 A = Elapsed time spent in this place.
 B = Non-inter-level travel time spent in this place.
 C = Inter-level travel time spent in this place.
 D = Time resting spent in this place.
 E = Time spent auto-exploring this place.
 F = Levels seen in this place.
 G = Mean time per level.
                   A        B        C        D        E       F      G
               +--------+--------+--------+--------+--------+-----+--------+
         Total |   4418 |   4303 |    115 |    381 |   2487 |   7 |  631.1 |
       Dungeon |   4398 |   4283 |    115 |    381 |   2487 |   6 |  733.0 |
        Temple |     19 |     19 |      0 |      0 |      0 |   1 |   19.0 |
               +--------+--------+--------+--------+--------+-----+--------+

Top non-repeatable levels by time:
     D:5: 1271 daAuts
     D:1: 1012 daAuts
     D:3: 842 daAuts
     D:4: 649 daAuts
     D:2: 506 daAuts
     D:6: 116 daAuts
  Temple: 19 daAuts
